Map: 16-Bit LE

Players

MaSa - Winner!

  • Race: Terran Terran
  • Spawn Location: 7:00

lucifron

  • Race: Terran Terran
  • Spawn Location: 1:00

Event: WCS Valencia 2018

VOD

Have the link to the VOD?

Description

Time

  • Played on: July 12, 2018, 6:30 a.m.
  • Length: 20:58

All games in this series

Show
View Real Time Build Order
Export as new Build Order

MaSa Terran - Winner!

Build Orders: Cyclone Opening, MMM Bio 

Get SALT Encoding   

  12  0:00  SCV  
  13  0:12  SCV  
  14  0:18  Supply Depot  
  14  0:25  SCV  
  15  0:28  Refinery  
  15  0:39  SCV  
  16  0:45  Barracks  
  16  0:51  SCV  
  16  0:56  Refinery  
  17  1:04  SCV  
  18  1:16  SCV  
  19  1:32  Factory  
  20  1:34  Reaper  
  20  1:38  Orbital Command  
  20  1:50  Supply Depot  
  20  2:03  SCV  
  20  2:06  Reaper  
  22  2:16  Cyclone  
  22  2:18  SCV  
  24  2:30  SCV  
  24  2:38  Reaper  
  24  2:42  SCV  
  22  2:55  Hellion  
  22  2:56  SCV  
  22  3:08  SCV  
  22  3:10  Marine  
  24  3:16  Hellion  
  26  3:20  SCV  
  27  3:33  SCV  
  28  3:40  Hellion  
  30  3:42  Command Center  
  30  3:45  SCV  
  31  3:52  Starport  
  31  3:58  Barracks Reactor  
  31  4:06  Supply Depot  
  31  4:07  Factory Tech Lab  
  31  4:25  Supply Depot  
  31  4:27  SCV  
  32  4:32  Medivac  
  32  4:34  Marine  
  35  4:39  SCV  
  36  4:47  Cyclone  
  36  4:51  SCV  
  40  4:57  SCV  
  39  5:03  SCV  
  40  5:08  Marine x2  
  40  5:11  Orbital Command  
  42  5:14  Starport Tech Lab  
  42  5:16  SCV  
  43  5:25  Cyclone  
  43  5:28  SCV  
  47  5:33  Marine x2  
  49  5:37  SCV  
  49  5:40  SCV  
  49  5:41  Raven  
  53  5:49  SCV  
  54  5:55  SCV  
  55  6:00  Supply Depot, Marine x2  
  55  6:01  Refinery  
  55  6:02  SCV  
  58  6:08  SCV  
  56  6:14  SCV  
  57  6:20  SCV  
  57  6:22  Command Center  
  61  6:30  Liberator x2  
  61  6:31  SCV  
  62  6:33  Refinery  
  62  6:36  SCV  
  60  6:43  SCV  
  59  6:48  SCV  
  59  6:53  Marine  
  62  6:54  Stimpack  
  62  6:55  SCV  
  62  7:00  SCV  
  64  7:04  Barracks  
  64  7:06  Barracks  
  64  7:08  SCV  
  64  7:12  SCV  
  62  7:20  SCV  
  59  7:24  SCV  
  59  7:25  Marine  
  60  7:32  SCV  
  60  7:33  Engineering Bay  
  60  7:36  SCV  
  62  7:37  Orbital Command  
  62  7:38  Viking  
  62  7:44  Viking, SCV  
  66  7:48  SCV  
  68  7:51  Engineering Bay  
  68  7:55  Barracks Reactor  
  68  7:56  SCV  
  68  7:57  Siege Tank  
  72  8:00  SCV  
  72  8:02  Missile Turret  
  72  8:04  SCV  
  74  8:07  Barracks Reactor  
  74  8:08  SCV  
  75  8:13  Viking, SCV  
  75  8:16  SCV  
  75  8:17  Viking  
  81  8:20  SCV  
  81  8:25  SCV  
  81  8:27  Orbital Command  
  83  8:28  Marine  
  83  8:33  Terran Infantry Armor Level 1  
  84  8:34  Siege Tank  
  84  8:35  Terran Infantry Weapons Level 1  
  84  8:37  SCV  
  84  8:38  SCV  
  89  8:45  Supply Depot x2  
  89  8:47  Sensor Tower  
  89  8:49  SCV  
  89  8:50  SCV  
  89  8:51  Medivac  
  89  8:54  Medivac  
  92  8:56  SCV  
  93  9:03  Supply Depot  
  93  9:04  Supply Depot  
  93  9:05  SCV  
  93  9:08  SCV  
  93  9:10  SCV  
  93  9:15  Supply Depot  
  93  9:16  Supply Depot, Siege Tank  
  97  9:17  SCV  
  97  9:20  SCV  
  97  9:22  SCV  
  100  9:26  Barracks  
  100  9:27  Barracks  
  100  9:28  Marine x2  
  100  9:29  SCV  
  103  9:32  SCV  
  103  9:34  SCV  
  103  9:36  Marine x3  
  103  9:38  Combat Shields  
  108  9:42  SCV  
  108  9:43  Armory  
  108  9:44  SCV  
  110  9:46  Marine  
  110  9:48  Marine, Refinery x2  
  110  9:51  SCV  
  113  9:54  SCV, Marine x2  
  113  9:55  Siege Tank  
  113  9:56  Medivac  
  121  10:00  Medivac  
  121  10:03  Supply Depot  
  121  10:04  Supply Depot, SCV, Marine  
  125  10:07  Marine x2  
  125  10:12  Marine x2  
  125  10:13  SCV  
  125  10:14  SCV  
  129  10:16  SCV  
  129  10:18  Barracks Reactor x2  
  129  10:19  Supply Depot  
  129  10:20  Liberator x2  
  130  10:22  Marine  
  130  10:23  Supply Depot  
  130  10:25  Marine x2  
  130  10:26  SCV  
  134  10:29  SCV  
  134  10:31  Marine x2  
  137  10:37  SCV  
  137  10:40  Marine  
  145  10:43  Marine x2  
  145  10:47  SCV  
  145  10:48  Marine  
  145  10:49  Marine  
  150  10:51  SCV  
  150  10:54  Terran Infantry Weapons Level 2  
  150  10:55  Supply Depot  
  150  10:56  Supply Depot  
  148  10:58  Marine  
  148  11:01  Terran Vehicle Weapons Level 1  
  149  11:04  Terran Infantry Armor Level 2  
  149  11:05  Marine x5  
  149  11:11  SCV x2  
  154  11:12  Marine x2  
  154  11:16  Marine  
  157  11:20  Barracks Reactor  
  157  11:21  Medivac x2  
  157  11:22  Siege Tank, Marine  
  165  11:34  Command Center, Marine x2  
  165  11:35  Marine x3  
  170  11:40  Factory  
  161  11:48  Marine x3  
  161  11:51  Medivac  
  161  11:52  Marine x3  
  161  11:53  Marine x2  
  140  11:54  Siege Tank  
  140  11:56  Medivac  
  140  11:57  Marine  
  144  12:02  Marine  
  144  12:06  Marine x3  
  144  12:07  Liberator  
  144  12:09  Liberator  
  144  12:10  Marine x4  
  144  12:11  SCV, Marine  
  144  12:13  SCV  
  144  12:14  Marine  
  144  12:15  SCV  
  146  12:20  Marine  
  144  12:23  Marine  
  144  12:26  Sensor Tower  
  144  12:27  Marine  
  152  12:31  Siege Tank  
  152  12:36  Siege Tank, Marine  
  159  12:42  SCV x2  
  161  12:45  Marine  
  162  12:52  Refinery  
  162  12:54  Marine x3  
  162  12:56  Refinery  
  165  13:01  Marine x5  
  165  13:02  Liberator  
  165  13:03  Siege Tank  
  173  13:06  Terran Vehicle Weapons Level 2  
  173  13:08  Siege Tank  
  173  13:09  Marine x2  
  178  13:15  Orbital Command  
  178  13:17  Marine x3  
  178  13:19  Marine  
  185  13:22  Marine  
  185  13:25  Marine x2  
  188  13:28  Marine x2  
  188  13:33  Marine  
  188  13:35  Marine x2  
  188  13:36  Marine x2, Siege Tank  
  188  13:40  Marine  
  164  13:42  SCV, Marine x2  
  164  13:45  Marine  
  164  13:46  Marine  
  140  13:51  Marine  
  140  13:53  Marine x3  
  140  13:54  Marine  
  140  13:55  SCV x4  
  143  13:57  Marine  
  143  14:00  Marine x2  
  135  14:03  Marine  
  135  14:04  Marine  
  135  14:07  SCV  
  135  14:09  SCV, Marine  
  136  14:12  SCV  
  136  14:14  Terran Infantry Weapons Level 3  
  131  14:19  Medivac  
  131  14:20  Medivac  
  131  14:21  Marine  
  131  14:22  SCV  
  137  14:24  SCV  
  137  14:27  Marine x2  
  137  14:28  Marine  
  125  14:34  SCV x2, Marine x2  
  125  14:35  Marine x2  
  125  14:37  Liberator x2, Marine x2  
  114  14:38  Marine  
  114  14:39  SCV x2  
  114  14:45  Marine x3  
  117  14:47  Siege Tank  
  117  14:52  Marine x3  
  124  14:54  Marine  
  124  14:55  Marine  
  134  15:02  Marine  
  134  15:03  Marine x3  
  134  15:06  SCV x3  
  138  15:09  Supply Depot  
  138  15:10  Engineering Bay  
  138  15:11  Marine x4  
  138  15:13  Siege Tank  
  138  15:14  SCV  
  146  15:20  Liberator x2  
  144  15:27  Marine x3  
  144  15:28  Marine x3  
  136  15:33  SCV  
  136  15:34  Marine x4  
  140  15:45  Marine x4  
  140  15:46  SCV, Marine x2  
  147  15:51  Terran Vehicle Weapons Level 3  
  147  15:52  Marine x2  
  147  15:53  Marine x2  
  151  16:03  Liberator, Marine x2  
  151  16:04  SCV  
  153  16:06  SCV, Marine x3  
  153  16:07  SCV x2  
  153  16:09  Marine  
  153  16:10  Marine x2  
  162  16:13  Marine  
  162  16:14  Marine  
  162  16:16  SCV  
  156  16:18  SCV  
  156  16:21  Marine  
  156  16:25  SCV  
  153  16:26  SCV  
  153  16:29  SCV  
  155  16:33  Marine x3  
  156  16:43  Viking  
  151  16:52  Marine x5  
  156  16:55  SCV  
  156  16:58  SCV x3  
  155  17:01  Marine x2  
  155  17:02  Marine x2  
  155  17:03  Viking  
  158  17:09  SCV  
  158  17:11  Marine  
  158  17:12  Marine  
  158  17:13  Viking, Marine  
  158  17:14  Marine, Siege Tank  
  168  17:22  Marine x3  
  172  17:23  SCV  
  172  17:25  Siege Tank  
  176  17:33  Viking  
  174  17:41  Marine x3  
  175  17:46  Liberator, Siege Tank  
  175  17:53  Orbital Command  
  175  17:57  Viking, Marine x2, Siege Tank  
  175  17:58  Marine  
  186  18:08  Marine x2  
  186  18:09  Terran Infantry Armor Level 3  
  188  18:22  Supply Depot  
  188  18:24  Liberator  
  188  18:28  Marine x2  
  188  18:29  Liberator  
  188  18:33  Marine x2  
  188  18:39  Siege Tank, Marine x4  
  188  18:41  Siege Tank  
  188  18:42  Marine  
  188  18:43  Marine  
  188  18:46  Marine x2  
  188  18:47  Terran Vehicle And Ship Armor Level 1  
  194  18:51  Marine x2  
  186  18:57  Marine x3  
  189  19:11  Barracks  
  189  19:12  Barracks  
  189  19:14  Command Center, Siege Tank  
  192  19:19  Starport  
  192  19:22  Fusion Core  
  192  19:23  Marine x3  
  192  19:24  Marine  
  196  19:39  Refinery  
  196  19:40  Refinery  
  196  19:42  Marine  
  196  19:43  Medivac, Siege Tank  
  180  19:46  Siege Tank  
  180  19:48  Marine x2  
  180  19:49  Medivac, Marine x3  
  156  19:56  Marine x2  
  156  20:01  Starport Tech Lab  
  156  20:03  SCV x2, Marine  
  156  20:04  Marine x2  
  156  20:06  Marine x2  
  163  20:09  Marine x2  
  163  20:11  Marine  
  160  20:14  Marine x2  
  160  20:15  Siege Tank  
  160  20:17  Barracks Reactor  
  160  20:18  Command Center, Siege Tank  
  165  20:21  Marine x3  
  165  20:22  Marine  
  173  20:33  Marine x3  
  179  20:44  SCV x4  
Show
View Real Time Build Order
Export as new Build Order

lucifron Terran 

Build Orders:  

Get SALT Encoding   

  12  0:00  SCV  
  13  0:13  Supply Depot  
  13  0:18  SCV  
  14  0:35  Barracks  
  14  0:41  Refinery  
  14  0:55  Barracks  
  14  1:00  SCV  
  15  1:08  Refinery  
  15  1:14  SCV  
  16  1:23  Reaper  
  17  1:26  SCV  
  18  1:42  Reaper  
  19  1:50  Orbital Command  
  19  1:56  Reaper  
  20  2:07  Supply Depot  
  20  2:14  Reaper  
  21  2:27  SCV  
  21  2:29  Reaper  
  23  2:39  SCV  
  24  2:46  Reaper  
  24  2:59  SCV  
  24  3:02  Reaper  
  25  3:06  Factory  
  25  3:11  SCV  
  26  3:24  Command Center  
  25  3:27  Reaper  
  25  3:30  SCV  
  26  3:39  Supply Depot  
  26  3:40  Reaper  
  27  3:44  SCV  
  28  3:56  SCV  
  28  4:00  Cyclone  
  32  4:03  Supply Depot  
  32  4:08  SCV  
  33  4:20  Starport  
  33  4:23  SCV  
  33  4:34  Cyclone  
  33  4:37  SCV, Orbital Command  
  37  4:49  SCV  
  37  5:01  SCV  
  37  5:02  Starport Tech Lab  
  37  5:06  Cyclone  
  38  5:10  SCV  
  38  5:13  SCV  
  40  5:21  Cloaking Field, Banshee  
  41  5:22  SCV  
  41  5:25  SCV  
  45  5:34  Command Center  
  45  5:35  SCV  
  46  5:37  SCV  
  46  5:39  Factory Tech Lab  
  47  5:47  SCV, Barracks Reactor  
  47  5:49  SCV  
  47  5:59  SCV, Siege Tank  
  47  6:01  SCV  
  47  6:11  SCV  
  47  6:13  SCV, Banshee  
  51  6:23  SCV  
  51  6:24  Marine x2  
  54  6:26  SCV  
  54  6:29  Barracks  
  54  6:30  Barracks  
  55  6:32  Supply Depot  
  55  6:35  SCV  
  55  6:38  SCV, Siege Tank  
  56  6:50  SCV x2  
  55  6:54  Marine x2  
  55  6:56  Orbital Command  
  57  7:02  SCV  
  57  7:03  SCV, Refinery  
  57  7:04  Refinery  
  59  7:10  Siege Tank  
  59  7:12  Marine x2  
  59  7:15  SCV x2  
  66  7:27  Barracks Tech Lab, SCV x2  
  66  7:28  Barracks Tech Lab, SCV  
  66  7:31  Engineering Bay  
  66  7:32  Engineering Bay  
  66  7:35  Marine x2  
  68  7:39  SCV x2  
  68  7:40  SCV  
  71  7:47  Stimpack  
  71  7:50  Combat Shields, Marine x2  
  71  7:51  SCV x2  
  75  7:52  SCV  
  76  7:59  Orbital Command  
  76  8:00  Terran Infantry Armor Level 1, Terran Infantry Weapons Level 1  
  76  8:02  Starport Reactor  
  76  8:03  Supply Depot, SCV x2  
  78  8:10  Marine x4  
  82  8:15  Siege Tank  
  82  8:16  Barracks Reactor  
  82  8:17  Supply Depot  
  85  8:24  SCV x2  
  87  8:28  SCV  
  87  8:30  Missile Turret  
  88  8:34  Marine x2  
  88  8:35  Marine x2  
  88  8:36  SCV  
  88  8:39  Armory, Barracks  
  88  8:41  SCV x2  
  94  8:49  SCV  
  94  8:52  Marine x3  
  94  8:53  SCV x2  
  100  8:59  Supply Depot x2  
  100  9:01  SCV  
  101  9:10  Supply Depot  
  101  9:11  Medivac  
  101  9:15  Armory, Concussive Shells  
  100  9:18  Missile Turret  
  100  9:20  Medivac, Missile Turret, Siege Tank  
  100  9:24  SCV x3  
  107  9:26  Marine x3, Refinery  
  107  9:27  Refinery  
  107  9:28  Barracks Reactor  
  111  9:32  Marine  
  111  9:33  Marine x2  
  114  9:38  Supply Depot  
  114  9:39  SCV x2  
  114  9:44  Medivac, Marine  
  119  9:50  Supply Depot, Medivac, Marine x4  
  125  9:53  Terran Infantry Weapons Level 2  
  125  9:56  Terran Infantry Armor Level 2  
  125  9:59  Missile Turret  
  125  10:01  Marine  
  125  10:02  Marine  
  127  10:08  Marine  
  128  10:14  Marine x5  
  128  10:20  Medivac x2, Siege Tank  
  128  10:21  Marine  
  141  10:35  Supply Depot x3  
  141  10:36  Terran Vehicle Weapons Level 1  
  141  10:43  Marine  
  141  10:44  Marine  
  141  10:45  Marine  
  141  10:46  Marine  
  141  11:00  Supply Depot  
  141  11:01  Supply Depot  
  141  11:05  Marine x2  
  141  11:06  Command Center, Marine x2  
  141  11:07  Marine x3  
  148  11:11  Siege Tank  
  148  11:14  Medivac x2  
  155  11:23  Marine x3  
  156  11:31  SCV x2  
  158  11:33  SCV  
  159  11:43  SCV  
  159  11:46  Marine x3  
  154  11:49  Marine x2  
  154  11:51  Marine x2  
  154  11:54  Marine  
  127  11:55  Medivac x2  
  127  11:56  Siege Tank  
  133  12:04  Marine x3  
  133  12:07  Marine x2  
  133  12:09  Marine x2  
  133  12:12  Marine  
  133  12:13  SCV  
  119  12:17  SCV  
  119  12:22  Marine x3  
  122  12:25  Marine x2  
  122  12:27  Marine x2  
  122  12:29  SCV, Marine  
  128  12:30  SCV, Planetary Fortress  
  128  12:33  Siege Tank  
  132  12:38  Terran Infantry Weapons Level 3  
  132  12:40  SCV  
  132  12:42  SCV  
  134  12:48  Missile Turret, Marine  
  134  12:49  Marine x3  
  134  12:50  Marine  
  139  12:54  Marine x2  
  141  13:00  Terran Infantry Armor Level 3  
  141  13:05  SCV x3, Siege Tank  
  147  13:07  Factory  
  146  13:13  Marine x3  
  149  13:22  Marine x3  
  151  13:31  Medivac x2  
  151  13:33  Marine x2  
  157  13:37  Siege Tank  
  157  13:39  Marine x2  
  152  13:44  Marine x4  
  138  13:51  Marine x2  
  119  13:56  Marine  
  119  13:57  Marine  
  119  14:00  Factory Tech Lab  
  119  14:02  Medivac x2, Marine x4  
  125  14:09  Terran Vehicle Weapons Level 2, Marine x2  
  127  14:14  Marine x2  
  127  14:16  Siege Tank  
  122  14:19  Marine x2  
  122  14:20  Marine x2, Refinery  
  122  14:21  Refinery  
  126  14:26  Marine  
  126  14:27  Marine  
  120  14:32  Medivac x2, Marine x2  
  120  14:37  Marine x3  
  120  14:38  Marine  
  104  14:39  Siege Tank  
  104  14:44  Marine x2  
  104  14:45  SCV x2  
  111  14:46  SCV  
  111  14:50  Marine x2  
  114  14:54  Barracks  
  114  14:55  Marine x4  
  114  14:59  Sensor Tower  
  118  15:02  Medivac x2, Marine x2  
  118  15:04  Siege Tank  
  123  15:08  Marine x2  
  123  15:11  Siege Tank  
  123  15:13  Marine x4  
  132  15:19  Liberator  
  132  15:20  Marine x2  
  134  15:25  Marine  
  134  15:26  Marine  
  120  15:31  Marine x4  
  112  15:36  Siege Tank  
  112  15:38  Marine x2  
  120  15:43  Marine x2  
  120  15:48  Marine  
  120  15:49  Marine x3  
  125  15:55  Hi-Sec Auto Tracking, Building Armor, Marine  
  125  15:56  Marine  
  127  16:01  Marine x2  
  129  16:06  Marine  
  129  16:07  Marine x3  
  122  16:13  Marine x2  
  122  16:14  Marine  
  122  16:15  Siege Tank  
  122  16:16  Medivac  
  126  16:19  Marine x2  
  126  16:24  Marine  
  126  16:25  Marine x3  
  128  16:31  Marine x2  
  128  16:32  Marine  
  131  16:37  Marine x2  
  132  16:42  Marine x2  
  132  16:43  Marine x2  
  139  16:47  Siege Tank  
  139  16:49  Viking x2, Marine x2  
  139  16:50  Marine  
  140  16:55  Marine x2  
  140  17:00  Marine x3  
  140  17:01  Marine  
  138  17:07  Marine x2  
  138  17:08  Marine  
  129  17:12  Marine x2  
  130  17:17  Marine  
  130  17:18  Viking, Marine x3  
  130  17:19  Viking  
  130  17:20  Siege Tank  
  141  17:24  Marine  
  141  17:25  Marine  
  141  17:26  Marine  
  144  17:30  Marine x2  
  144  17:35  Marine  
  144  17:36  Marine x2  
  146  17:42  Marine x2  
  148  17:46  Marine x2  
  148  17:48  Viking, Marine  
  148  17:49  Viking  
  154  17:52  Siege Tank  
  157  18:01  Liberator x2  
  157  18:02  Marine  
  157  18:03  Marine x2  
  157  18:04  Marine x2  
  160  18:11  Sensor Tower  
  154  18:15  Terran Vehicle Weapons Level 3, Sensor Tower  
  160  18:24  Siege Tank  
  163  18:32  Marine x2  
  163  18:33  Marine  
  143  18:41  Marine x2  
  140  18:48  Starport  
  140  18:49  Starport  
  140  18:52  Marine x2  
  139  18:56  Siege Tank  
  139  19:00  Command Center  
  139  19:01  Medivac x2  
  146  19:12  Marine x4  
  146  19:15  Factory  
  150  19:25  Marine x5  
  150  19:28  Siege Tank  
  150  19:30  Marine x4  
  162  19:31  Viking x2  
  166  19:43  Marine x4  
  160  19:48  Marine x3  
  160  19:49  Marine x2  
  100  20:00  Marine x2  
  100  20:01  Marine x2  
  100  20:03  Siege Tank  
  100  20:06  Marine x4  
  100  20:07  Marine  
  108  20:18  Marine x3  
  108  20:20  Marine  
  111  20:24  Marine x3  
  114  20:30  Marine x2  
  106  20:36  Marine x2  
Tags
 
Composition
MMM Bio
Matchup
TvT
Race
Terran
Spawn Locations
Cross Positions
Add a new tag
Caveats
  • Supply blocks, unpowered buildings, or Contaminate may cause inaccurate times.
  • Supply counts are checked every 10 seconds.